 Dungeon Crawl Stone Soup version 0.29.0-4-gdea44cf6ec (webtiles) character file.

Game seed: 9958915094490014928

1558 qw the Grappler (level 8, 75/75 HPs)
             Began as a Troll Cinder Acolyte on Aug 31, 2022.
             Was a Priest of Ignis.
             Quit the game on level 6 of the Dungeon.
             The game lasted 00:15:12 (13060 turns).

qw the Grappler (Troll Cinder Acolyte)             Turns: 13060, Time: 00:15:12

Health: 75/75      AC:  8    Str: 25    XL:     8   Next: 58%
Magic:  8/8        EV: 10    Int: 10    God:    Ignis [***...]
Gold:   313        SH:  0    Dex: 11    Spells: 9/9 levels left

rFire   + . .      SeeInvis .     - Unarmed
rCold   . . .      Faith    .   (no shield)
rNeg    . . .      Spirit   .   a - +0 robe
rPois   .          Reflect  .   (helmet restricted)
rElec   .          Harm     .   (no cloak)
rCorr   .          Rampage  .   (gloves unavailable)
Will    .....                   (boots unavailable)
Stlth   +.........              (no amulet)
HPRegen 1.02/turn               g - +6 ring of dexterity
MPRegen 0.11/turn               j - +4 ring of protection

@: no status effects
A: large, unfitting armour, claws 3, regeneration 1, shaggy fur 1, tough skin 1
a: Renounce Religion, Fiery Armour, Foxfire Swarm, Rising Flame


You were on level 6 of the Dungeon.
You worshipped Ignis.
Ignis was most pleased with you.
You visited 1 branch of the dungeon, and saw 6 of its levels.

You collected 313 gold pieces.


Innate Abilities, Weirdness & Mutations

You are too large for most types of armour.
You have claws for hands.
Your natural rate of healing is unusually fast.
You are covered in fur. (AC +1)
You have tough skin. (AC +1)


   Skills:
 - Level 3.0 Fighting
 - Level 3.0 Throwing
 + Level 1.8 Dodging
 - Level 10.1 Unarmed Combat
 - Level 1.0 Spellcasting
 - Level 2.1 Fire Magic


You had 9 spell levels left.
You didn't know any spells.
Your spell library contained the following spells:

 Spells                   Type           Power      Damage    Failure   Level
 Scorch                   Fire           8%         2d5       22%         2

Inventory:

Missiles
 o - a javelin (quivered)
Armour
 a - a +0 robe (worn)
Jewellery
 g - a +6 ring of dexterity (left claw)
 j - a +4 ring of protection (right claw)
Scrolls
 e - a scroll of identify
Potions
 c - a potion of haste {unknown}
 f - 2 potions of might
 i - a potion of berserk rage {unknown}
 l - a potion of degeneration {unknown}
 m - a potion of resistance {unknown}

Dungeon Overview and Level Annotations

Branches:
Dungeon (6/15)             Temple (0/1) D:5

Altars:
Ashenzari
Elyvilon
Kikubaaqudgha
Okawaru
Sif Muna
Vehumet
Wu Jian
Yredelemnul

Shops:
D:5 (


Message History

There is a stone staircase leading down here.
You climb downwards.
There is a stone staircase leading up here.
There is a stone staircase leading down here.
You climb downwards.
There is a stone staircase leading up here.
Existing waypoints: (1) D:5 (2) D:4 Assign waypoint to what number? (0-9, D - delete waypoint) Waypoint 1 re-assigned from D:5 to D:6.
Enter note:
Enter note:
Enter note:
Enter note:
Enter note:
Enter note:
Enter note:
Enter note:
Enter note:
Enter note:
Enter note:
Enter note:
Enter note:
Enter note:
Enter note:
Enter note:
Enter note:
Enter note:
Enter note:
Enter note:
Enter note:
Enter note:
Enter note:
Enter note:
Enter note:
Enter note:
Enter note: Done exploring.
Done exploring.
Are you sure you want to abandon this character and quit the game? (Confirm with "yes".)

##.#.####### #.# #.#
##.#..##########.####.# #####
#.###............##...#
....###..#...#########.##.###
##...##.#.#............##.#
.............#########.##.#
##...#.......###### #.^#.#####
###.##............# #.¤......#
................@.# #.~~~¤~~.#
....##.).....####.# #¤~¤¤¤~~.##
######.......####.####.¤~>_~~..#
#.................~~}.~~..#
####.#######.####¤¤¤~~~~..# #>#
#.# #.~¤~~~~..# #.#######.#
#..¤......#
#.#.....#.###########..#
#.#'###+#....# #.##


There were no monsters in sight!

Vanquished Creatures
  Sigmund (D:6)
  Eustachio (D:6)
  A steam dragon (D:6)
  Edmund (D:4)
  A black bear (D:4)
  An ogre (D:5)
  A phantom (D:6)
  3 scorpions
  3 hounds
  An orc priest (D:3)
  A gnoll bouda (D:4)
  Ijyb (D:4)
  Jessica (D:2)
  An iguana (D:5)
  6 orc wizards
  Robin (D:4)
  5 adders
  4 gnolls (D:4)
  A shadow imp (D:6)
  3 worms
  13 orcs
  10 ball pythons
  7 endoplasms
  A giant cockroach (D:1)
  12 goblins
  9 hobgoblins
  3 kobolds
  5 quokkas
  11 bats
  2 frilled lizards
  5 rats
116 creatures vanquished.

Notes
Turn   | Place    | Note
-------+----------+-------------------------------------------
     0 | D:1      | qw the Troll Cinder Acolyte began the quest for the Orb.
     0 | D:1      | Reached XP level 1. HP: 22/22 MP: 1/1
     0 | D:1      | 0 ||| qw: Version: 0.1-a-97-g2dd2ca4
     0 | D:1      | 0 ||| qw: Game counter: 4501
     0 | D:1      | 0 ||| qw: Always use a shield: true
     0 | D:1      | 0 ||| qw: God list: Okawaru
     0 | D:1      | 0 ||| qw: Allow faded altars: false
     0 | D:1      | 0 ||| qw: Do Orc after D:15 true
     0 | D:1      | 0 ||| qw: Do second Lair branch before Depths: true
     0 | D:1      | 0 ||| qw: Lair rune preference: random
     0 | D:1      | 0 ||| qw: Plans: Normal
     0 | D:1      | 0 ||| PLANNING D:1-11
   174 | D:1      | Reached XP level 2. HP: 29/29 MP: 2/2
   724 | D:1      | Reached skill level 4 in Unarmed Combat
   921 | D:1      | 921 ||| UPGRADING to +6 ring of dexterity.
   922 | D:1      | 922 ||| READING scroll labelled UCAOSI NUTAQOU.
   923 | D:1      | 923 ||| READING scroll labelled FYGOMP AGOHA.
   924 | D:1      | 924 ||| READING scroll labelled GEELEPNAOS.
   996 | D:2      | Reached XP level 3. HP: 36/36 MP: 3/3
  1085 | D:2      | Found a faded altar of an unknown god.
  1133 | D:2      | Noticed Jessica
  1135 | D:2      | Killed Jessica
  1136 | D:2      | Reached skill level 1 in Throwing
  1270 | D:2      | 1270 ||| Stepping ~*~*~tactically~*~*~ (stealth).
  1276 | D:2      | Reached XP level 4. HP: 44/44 MP: 4/4
  1582 | D:2      | 1582 ||| UPGRADING to +4 ring of protection.
  1583 | D:2      | 1583 ||| READING scroll labelled WUWU VIDGHITEEMY.
  1584 | D:2      | 1584 ||| READING scroll labelled JAORHAT JISIO.
  1620 | D:3      | 1620 ||| FLEEEEING.
  1621 | D:3      | 1621 ||| FLEEEEING.
  1622 | D:3      | 1622 ||| FLEEEEING.
  1623 | D:3      | 1623 ||| FLEEEEING.
  1624 | D:3      | 1624 ||| FLEEEEING.
  1625 | D:3      | 1625 ||| FLEEEEING.
  1626 | D:3      | 1626 ||| FLEEEEING.
  1751 | D:3      | Reached skill level 5 in Unarmed Combat
  2018 | D:3      | Found a basalt altar of Yredelemnul.
  2103 | D:3      | Reached skill level 1 in Dodging
  2103 | D:3      | Reached XP level 5. HP: 50/50 MP: 5/5
  2116 | D:3      | You fall into a shaft and drop 3 floors!
  2125 | D:6      | 2125 ||| READING scroll labelled UZINACLA EGILIMOC.
  2126 | D:6      | 2126 ||| READING scroll labelled WEPIC YRULUNYWY.
  2127 | D:6      | 2127 ||| DRINKING 2 lumpy green potions.
  2128 | D:6      | 2128 ||| DROPPING potion of brilliance.
  2137 | D:5      | Entered Level 5 of the Dungeon
  2137 | D:5      | Found Gippug's Weapon Emporium.
  2208 | D:5      | Found a staircase to the Ecumenical Temple.
  2259 | D:5      | 2259 ||| READING scroll labelled WYMPUCRAST.
  2297 | D:4      | 2297 ||| Stepping ~*~*~tactically~*~*~ (stealth).
  2299 | D:4      | 2299 ||| Stepping ~*~*~tactically~*~*~ (stealth).
  2532 | D:3      | Found an ancient bone altar of Kikubaaqudgha.
  2533 | D:3      | 2533 ||| INVOKING Fiery Armour.
  2536 | D:3      | Reached skill level 6 in Unarmed Combat
  2536 | D:3      | Reached XP level 6. HP: 56/59 MP: 6/6
  2547 | D:3      | Found a radiant altar of Vehumet.
  2562 | D:3      | Found a shimmering blue altar of Sif Muna.
  2750 | D:4      | Noticed Edmund
  2754 | D:4      | 2754 ||| Stepping ~*~*~tactically~*~*~ (stealth).
  2755 | D:4      | 2755 ||| INVOKING Fiery Armour.
  2762 | D:4      | Killed Edmund
  2763 | D:4      | Reached skill level 7 in Unarmed Combat
  2766 | D:4      | Reached XP level 7. HP: 58/66 MP: 7/7
  2866 | D:4      | 2866 ||| Stepping ~*~*~tactically~*~*~ (stealth).
  2869 | D:4      | 2869 ||| Stepping ~*~*~tactically~*~*~ (stealth).
  2872 | D:4      | 2872 ||| Stepping ~*~*~tactically~*~*~ (hiding).
  3020 | D:4      | 3020 ||| Stepping ~*~*~tactically~*~*~ (stealth).
  3178 | D:4      | 3178 ||| INVOKING Fiery Armour.
  3179 | D:4      | Noticed Robin
  3181 | D:4      | Reached skill level 8 in Unarmed Combat
  3181 | D:4      | 3181 ||| Stepping ~*~*~tactically~*~*~ (outnumbered).
  3191 | D:4      | Killed Robin
  3225 | D:4      | 3225 ||| Stepping ~*~*~tactically~*~*~ (outnumbered).
  3230 | D:4      | Reached skill level 3 in Fighting
  3359 | D:4      | Noticed Ijyb
  3360 | D:4      | Paralysed by Ijyb for 4 turns
  3370 | D:4      | Killed Ijyb
  3422 | D:4      | 3422 ||| DROPPING orb of wrath.
  3423 | D:4      | 3423 ||| READING 2 scrolls labelled KUOLIKHA CIGU.
  3424 | D:4      | 3424 ||| READING scroll labelled LUADDE WOUMMOE.
  3425 | D:4      | 3425 ||| DRINKING 2 green potions.
  3426 | D:4      | 3426 ||| DRINKING 2 orange potions.
  3427 | D:4      | 3427 ||| READING 2 scrolls of identify.
  3427 | D:4      | 3427 ||| IDENTIFYING bubbling yellow potion
  3428 | D:4      | 3428 ||| DROPPING potion of invisibility.
  3429 | D:4      | 3429 ||| DROPPING potion of attraction.
  3430 | D:4      | 3430 ||| DROPPING scroll of magic mapping.
  3488 | D:5      | 3488 ||| Stepping ~*~*~tactically~*~*~ (hiding).
  3497 | D:5      | 3497 ||| DRINKING potion of curing.
  3497 | D:5      | 3497 ||| (to cure confusion)
  3528 | D:5      | 3528 ||| INVOKING Fiery Armour.
  3734 | D:5      | 3734 ||| DROPPING ring of positive energy.
  3735 | D:5      | 3735 ||| READING 4 scrolls labelled XAMIAL MOTHRI.
  3736 | D:5      | 3736 ||| READING scroll labelled FUQIG KICAENI.
  3737 | D:5      | 3737 ||| READING 2 scrolls of identify.
  3737 | D:5      | 3737 ||| IDENTIFYING inky potion
  3738 | D:5      | 3738 ||| DROPPING 3 scrolls of poison.
  3739 | D:5      | 3739 ||| READING 2 scrolls of teleportation.
  3786 | D:5      | 3786 ||| READING scroll of teleportation.
  3787 | D:5      | 3787 ||| STAIRDANCE
  3924 | D:5      | 3924 ||| Stepping randomly (stuck).
  3947 | D:6      | Found an ornate altar of the Wu Jian Council.
  4012 | D:6      | Reached skill level 9 in Unarmed Combat
  4012 | D:6      | Reached XP level 8. HP: 70/75 MP: 8/8
  4021 | D:6      | 4021 ||| Stepping ~*~*~tactically~*~*~ (hiding).
  4134 | D:6      | Reached skill level 3 in Throwing
  4168 | D:6      | Found a white marble altar of Elyvilon.
  4169 | D:6      | Noticed Eustachio
  4170 | D:6      | 4170 ||| Stepping ~*~*~tactically~*~*~ (hiding).
  4172 | D:6      | 4172 ||| Stepping ~*~*~tactically~*~*~ (hiding).
  4207 | D:6      | 4207 ||| INVOKING Fiery Armour.
  4208 | D:6      | 4208 ||| Stepping ~*~*~tactically~*~*~ (outnumbered).
  4210 | D:6      | 4210 ||| Stepping ~*~*~tactically~*~*~ (outnumbered).
  4211 | D:6      | 4211 ||| Stepping ~*~*~tactically~*~*~ (outnumbered).
  4226 | D:6      | 4226 ||| Stepping ~*~*~tactically~*~*~ (hiding).
  4231 | D:6      | Killed Eustachio
  4387 | D:6      | Noticed Sigmund
  4393 | D:6      | Killed Sigmund
  4394 | D:6      | Reached skill level 10 in Unarmed Combat
  4700 | D:6      | Found an iron altar of Okawaru.
  4700 | D:6      | Found a broken altar of Ashenzari.
  4752 | D:6      | 4752 ||| READING scroll labelled APTOG GUAMUJ.
  4786 | D:4      | 4786 ||| Stepping randomly (stuck).
  4790 | D:5      | 4790 ||| Stepping randomly (stuck).
  4791 | D:5      | 4791 ||| Stepping randomly (stuck).
  4796 | D:4      | 4796 ||| Stepping randomly (stuck).
  4812 | D:6      | 4812 ||| Stepping randomly (stuck).
  4828 | D:4      | 4828 ||| Stepping randomly (stuck).
  4832 | D:5      | 4832 ||| Stepping randomly (stuck).
  4833 | D:5      | 4833 ||| Stepping randomly (stuck).
  4838 | D:4      | 4838 ||| Stepping randomly (stuck).
  4854 | D:6      | 4854 ||| Stepping randomly (stuck).
  4870 | D:4      | 4870 ||| Stepping randomly (stuck).
  4874 | D:5      | 4874 ||| Stepping randomly (stuck).
  4875 | D:5      | 4875 ||| Stepping randomly (stuck).
  4880 | D:4      | 4880 ||| Stepping randomly (stuck).
  4896 | D:6      | 4896 ||| Stepping randomly (stuck).
  4912 | D:4      | 4912 ||| Stepping randomly (stuck).
  4916 | D:5      | 4916 ||| Stepping randomly (stuck).
  4917 | D:5      | 4917 ||| Stepping randomly (stuck).
  4922 | D:4      | 4922 ||| Stepping randomly (stuck).
  4938 | D:6      | 4938 ||| Stepping randomly (stuck).
  4954 | D:4      | 4954 ||| Stepping randomly (stuck).
  4958 | D:5      | 4958 ||| Stepping randomly (stuck).
  4959 | D:5      | 4959 ||| Stepping randomly (stuck).
  4964 | D:4      | 4964 ||| Stepping randomly (stuck).
  4980 | D:6      | 4980 ||| Stepping randomly (stuck).
  4996 | D:4      | 4996 ||| Stepping randomly (stuck).
  5000 | D:5      | 5000 ||| Stepping randomly (stuck).
  5001 | D:5      | 5001 ||| Stepping randomly (stuck).
  5006 | D:4      | 5006 ||| Stepping randomly (stuck).
  5022 | D:6      | 5022 ||| Stepping randomly (stuck).
  5038 | D:4      | 5038 ||| Stepping randomly (stuck).
  5042 | D:5      | 5042 ||| Stepping randomly (stuck).
  5043 | D:5      | 5043 ||| Stepping randomly (stuck).
  5048 | D:4      | 5048 ||| Stepping randomly (stuck).
  5064 | D:6      | 5064 ||| Stepping randomly (stuck).
  5080 | D:4      | 5080 ||| Stepping randomly (stuck).
  5084 | D:5      | 5084 ||| Stepping randomly (stuck).
  5085 | D:5      | 5085 ||| Stepping randomly (stuck).
  5090 | D:4      | 5090 ||| Stepping randomly (stuck).
  5106 | D:6      | 5106 ||| Stepping randomly (stuck).
  5122 | D:4      | 5122 ||| Stepping randomly (stuck).
  5126 | D:5      | 5126 ||| Stepping randomly (stuck).
  5127 | D:5      | 5127 ||| Stepping randomly (stuck).
  5131 | D:4      | 5131 ||| Stepping randomly (stuck).
  5147 | D:6      | 5147 ||| Stepping randomly (stuck).
  5163 | D:4      | 5163 ||| Stepping randomly (stuck).
  5167 | D:5      | 5167 ||| Stepping randomly (stuck).
  5168 | D:5      | 5168 ||| Stepping randomly (stuck).
  5172 | D:4      | 5172 ||| Stepping randomly (stuck).
  5188 | D:6      | 5188 ||| Stepping randomly (stuck).
  5204 | D:4      | 5204 ||| Stepping randomly (stuck).
  5208 | D:5      | 5208 ||| Stepping randomly (stuck).
  5209 | D:5      | 5209 ||| Stepping randomly (stuck).
  5212 | D:4      | 5212 ||| Stepping randomly (stuck).
  5228 | D:6      | 5228 ||| Stepping randomly (stuck).
  5244 | D:4      | 5244 ||| Stepping randomly (stuck).
  5248 | D:5      | 5248 ||| Stepping randomly (stuck).
  5249 | D:5      | 5249 ||| Stepping randomly (stuck).
  5253 | D:4      | 5253 ||| Stepping randomly (stuck).
  5269 | D:6      | 5269 ||| Stepping randomly (stuck).
  5285 | D:4      | 5285 ||| Stepping randomly (stuck).
  5289 | D:5      | 5289 ||| Stepping randomly (stuck).
  5290 | D:5      | 5290 ||| Stepping randomly (stuck).
  5295 | D:4      | 5295 ||| Stepping randomly (stuck).
  5311 | D:6      | 5311 ||| Stepping randomly (stuck).
  5327 | D:4      | 5327 ||| Stepping randomly (stuck).
  5331 | D:5      | 5331 ||| Stepping randomly (stuck).
  5332 | D:5      | 5332 ||| Stepping randomly (stuck).
  5337 | D:4      | 5337 ||| Stepping randomly (stuck).
  5353 | D:6      | 5353 ||| Stepping randomly (stuck).
  5369 | D:4      | 5369 ||| Stepping randomly (stuck).
  5373 | D:5      | 5373 ||| Stepping randomly (stuck).
  5374 | D:5      | 5374 ||| Stepping randomly (stuck).
  5377 | D:4      | 5377 ||| Stepping randomly (stuck).
  5393 | D:6      | 5393 ||| Stepping randomly (stuck).
  5409 | D:4      | 5409 ||| Stepping randomly (stuck).
  5413 | D:5      | 5413 ||| Stepping randomly (stuck).
  5414 | D:5      | 5414 ||| Stepping randomly (stuck).
  5419 | D:4      | 5419 ||| Stepping randomly (stuck).
  5435 | D:6      | 5435 ||| Stepping randomly (stuck).
  5451 | D:4      | 5451 ||| Stepping randomly (stuck).
  5455 | D:5      | 5455 ||| Stepping randomly (stuck).
  5456 | D:5      | 5456 ||| Stepping randomly (stuck).
  5460 | D:4      | 5460 ||| Stepping randomly (stuck).
  5476 | D:6      | 5476 ||| Stepping randomly (stuck).
  5492 | D:4      | 5492 ||| Stepping randomly (stuck).
  5496 | D:5      | 5496 ||| Stepping randomly (stuck).
  5497 | D:5      | 5497 ||| Stepping randomly (stuck).
  5502 | D:4      | 5502 ||| Stepping randomly (stuck).
  5518 | D:6      | 5518 ||| Stepping randomly (stuck).
  5534 | D:4      | 5534 ||| Stepping randomly (stuck).
  5538 | D:5      | 5538 ||| Stepping randomly (stuck).
  5539 | D:5      | 5539 ||| Stepping randomly (stuck).
  5543 | D:4      | 5543 ||| Stepping randomly (stuck).
  5559 | D:6      | 5559 ||| Stepping randomly (stuck).
  5575 | D:4      | 5575 ||| Stepping randomly (stuck).
  5579 | D:5      | 5579 ||| Stepping randomly (stuck).
  5580 | D:5      | 5580 ||| Stepping randomly (stuck).
  5585 | D:4      | 5585 ||| Stepping randomly (stuck).
  5601 | D:6      | 5601 ||| Stepping randomly (stuck).
  5617 | D:4      | 5617 ||| Stepping randomly (stuck).
  5621 | D:5      | 5621 ||| Stepping randomly (stuck).
  5622 | D:5      | 5622 ||| Stepping randomly (stuck).
  5626 | D:4      | 5626 ||| Stepping randomly (stuck).
  5642 | D:6      | 5642 ||| Stepping randomly (stuck).
  5658 | D:4      | 5658 ||| Stepping randomly (stuck).
  5662 | D:5      | 5662 ||| Stepping randomly (stuck).
  5663 | D:5      | 5663 ||| Stepping randomly (stuck).
  5668 | D:4      | 5668 ||| Stepping randomly (stuck).
  5684 | D:6      | 5684 ||| Stepping randomly (stuck).
  5700 | D:4      | 5700 ||| Stepping randomly (stuck).
  5704 | D:5      | 5704 ||| Stepping randomly (stuck).
  5705 | D:5      | 5705 ||| Stepping randomly (stuck).
  5710 | D:4      | 5710 ||| Stepping randomly (stuck).
  5726 | D:6      | 5726 ||| Stepping randomly (stuck).
  5742 | D:4      | 5742 ||| Stepping randomly (stuck).
  5746 | D:5      | 5746 ||| Stepping randomly (stuck).
  5747 | D:5      | 5747 ||| Stepping randomly (stuck).
  5752 | D:4      | 5752 ||| Stepping randomly (stuck).
  5768 | D:6      | 5768 ||| Stepping randomly (stuck).
  5784 | D:4      | 5784 ||| Stepping randomly (stuck).
  5788 | D:5      | 5788 ||| Stepping randomly (stuck).
  5789 | D:5      | 5789 ||| Stepping randomly (stuck).
  5794 | D:4      | 5794 ||| Stepping randomly (stuck).
  5810 | D:6      | 5810 ||| Stepping randomly (stuck).
  5826 | D:4      | 5826 ||| Stepping randomly (stuck).
  5830 | D:5      | 5830 ||| Stepping randomly (stuck).
  5831 | D:5      | 5831 ||| Stepping randomly (stuck).
  5835 | D:4      | 5835 ||| Stepping randomly (stuck).
  5851 | D:6      | 5851 ||| Stepping randomly (stuck).
  5867 | D:4      | 5867 ||| Stepping randomly (stuck).
  5871 | D:5      | 5871 ||| Stepping randomly (stuck).
  5872 | D:5      | 5872 ||| Stepping randomly (stuck).
  5875 | D:4      | 5875 ||| Stepping randomly (stuck).
  5891 | D:6      | 5891 ||| Stepping randomly (stuck).
  5907 | D:4      | 5907 ||| Stepping randomly (stuck).
  5911 | D:5      | 5911 ||| Stepping randomly (stuck).
  5912 | D:5      | 5912 ||| Stepping randomly (stuck).
  5917 | D:4      | 5917 ||| Stepping randomly (stuck).
  5933 | D:6      | 5933 ||| Stepping randomly (stuck).
  5949 | D:4      | 5949 ||| Stepping randomly (stuck).
  5953 | D:5      | 5953 ||| Stepping randomly (stuck).
  5954 | D:5      | 5954 ||| Stepping randomly (stuck).
  5959 | D:4      | 5959 ||| Stepping randomly (stuck).
  5975 | D:6      | 5975 ||| Stepping randomly (stuck).
  5991 | D:4      | 5991 ||| Stepping randomly (stuck).
  5995 | D:5      | 5995 ||| Stepping randomly (stuck).
  5996 | D:5      | 5996 ||| Stepping randomly (stuck).
  6001 | D:4      | 6001 ||| Stepping randomly (stuck).
  6017 | D:6      | 6017 ||| Stepping randomly (stuck).
  6033 | D:4      | 6033 ||| Stepping randomly (stuck).
  6037 | D:5      | 6037 ||| Stepping randomly (stuck).
  6038 | D:5      | 6038 ||| Stepping randomly (stuck).
  6043 | D:4      | 6043 ||| Stepping randomly (stuck).
  6059 | D:6      | 6059 ||| Stepping randomly (stuck).
  6075 | D:4      | 6075 ||| Stepping randomly (stuck).
  6079 | D:5      | 6079 ||| Stepping randomly (stuck).
  6080 | D:5      | 6080 ||| Stepping randomly (stuck).
  6085 | D:4      | 6085 ||| Stepping randomly (stuck).
  6101 | D:6      | 6101 ||| Stepping randomly (stuck).
  6117 | D:4      | 6117 ||| Stepping randomly (stuck).
  6121 | D:5      | 6121 ||| Stepping randomly (stuck).
  6122 | D:5      | 6122 ||| Stepping randomly (stuck).
  6126 | D:4      | 6126 ||| Stepping randomly (stuck).
  6142 | D:6      | 6142 ||| Stepping randomly (stuck).
  6158 | D:4      | 6158 ||| Stepping randomly (stuck).
  6162 | D:5      | 6162 ||| Stepping randomly (stuck).
  6163 | D:5      | 6163 ||| Stepping randomly (stuck).
  6168 | D:4      | 6168 ||| Stepping randomly (stuck).
  6184 | D:6      | 6184 ||| Stepping randomly (stuck).
  6200 | D:4      | 6200 ||| Stepping randomly (stuck).
  6204 | D:5      | 6204 ||| Stepping randomly (stuck).
  6205 | D:5      | 6205 ||| Stepping randomly (stuck).
  6209 | D:4      | 6209 ||| Stepping randomly (stuck).
  6225 | D:6      | 6225 ||| Stepping randomly (stuck).
  6241 | D:4      | 6241 ||| Stepping randomly (stuck).
  6245 | D:5      | 6245 ||| Stepping randomly (stuck).
  6246 | D:5      | 6246 ||| Stepping randomly (stuck).
  6251 | D:4      | 6251 ||| Stepping randomly (stuck).
  6267 | D:6      | 6267 ||| Stepping randomly (stuck).
  6283 | D:4      | 6283 ||| Stepping randomly (stuck).
  6287 | D:5      | 6287 ||| Stepping randomly (stuck).
  6288 | D:5      | 6288 ||| Stepping randomly (stuck).
  6292 | D:4      | 6292 ||| Stepping randomly (stuck).
  6308 | D:6      | 6308 ||| Stepping randomly (stuck).
  6324 | D:4      | 6324 ||| Stepping randomly (stuck).
  6328 | D:5      | 6328 ||| Stepping randomly (stuck).
  6329 | D:5      | 6329 ||| Stepping randomly (stuck).
  6334 | D:4      | 6334 ||| Stepping randomly (stuck).
  6350 | D:6      | 6350 ||| Stepping randomly (stuck).
  6366 | D:4      | 6366 ||| Stepping randomly (stuck).
  6370 | D:5      | 6370 ||| Stepping randomly (stuck).
  6371 | D:5      | 6371 ||| Stepping randomly (stuck).
  6375 | D:4      | 6375 ||| Stepping randomly (stuck).
  6391 | D:6      | 6391 ||| Stepping randomly (stuck).
  6407 | D:4      | 6407 ||| Stepping randomly (stuck).
  6411 | D:5      | 6411 ||| Stepping randomly (stuck).
  6412 | D:5      | 6412 ||| Stepping randomly (stuck).
  6416 | D:4      | 6416 ||| Stepping randomly (stuck).
  6432 | D:6      | 6432 ||| Stepping randomly (stuck).
  6448 | D:4      | 6448 ||| Stepping randomly (stuck).
  6452 | D:5      | 6452 ||| Stepping randomly (stuck).
  6453 | D:5      | 6453 ||| Stepping randomly (stuck).
  6458 | D:4      | 6458 ||| Stepping randomly (stuck).
  6474 | D:6      | 6474 ||| Stepping randomly (stuck).
  6490 | D:4      | 6490 ||| Stepping randomly (stuck).
  6494 | D:5      | 6494 ||| Stepping randomly (stuck).
  6495 | D:5      | 6495 ||| Stepping randomly (stuck).
  6500 | D:4      | 6500 ||| Stepping randomly (stuck).
  6516 | D:6      | 6516 ||| Stepping randomly (stuck).
  6532 | D:4      | 6532 ||| Stepping randomly (stuck).
  6536 | D:5      | 6536 ||| Stepping randomly (stuck).
  6537 | D:5      | 6537 ||| Stepping randomly (stuck).
  6541 | D:4      | 6541 ||| Stepping randomly (stuck).
  6557 | D:6      | 6557 ||| Stepping randomly (stuck).
  6573 | D:4      | 6573 ||| Stepping randomly (stuck).
  6577 | D:5      | 6577 ||| Stepping randomly (stuck).
  6578 | D:5      | 6578 ||| Stepping randomly (stuck).
  6583 | D:4      | 6583 ||| Stepping randomly (stuck).
  6599 | D:6      | 6599 ||| Stepping randomly (stuck).
  6615 | D:4      | 6615 ||| Stepping randomly (stuck).
  6619 | D:5      | 6619 ||| Stepping randomly (stuck).
  6620 | D:5      | 6620 ||| Stepping randomly (stuck).
  6624 | D:4      | 6624 ||| Stepping randomly (stuck).
  6640 | D:6      | 6640 ||| Stepping randomly (stuck).
  6656 | D:4      | 6656 ||| Stepping randomly (stuck).
  6660 | D:5      | 6660 ||| Stepping randomly (stuck).
  6661 | D:5      | 6661 ||| Stepping randomly (stuck).
  6666 | D:4      | 6666 ||| Stepping randomly (stuck).
  6682 | D:6      | 6682 ||| Stepping randomly (stuck).
  6698 | D:4      | 6698 ||| Stepping randomly (stuck).
  6702 | D:5      | 6702 ||| Stepping randomly (stuck).
  6703 | D:5      | 6703 ||| Stepping randomly (stuck).
  6708 | D:4      | 6708 ||| Stepping randomly (stuck).
  6724 | D:6      | 6724 ||| Stepping randomly (stuck).
  6740 | D:4      | 6740 ||| Stepping randomly (stuck).
  6744 | D:5      | 6744 ||| Stepping randomly (stuck).
  6745 | D:5      | 6745 ||| Stepping randomly (stuck).
  6750 | D:4      | 6750 ||| Stepping randomly (stuck).
  6766 | D:6      | 6766 ||| Stepping randomly (stuck).
  6782 | D:4      | 6782 ||| Stepping randomly (stuck).
  6786 | D:5      | 6786 ||| Stepping randomly (stuck).
  6787 | D:5      | 6787 ||| Stepping randomly (stuck).
  6790 | D:4      | 6790 ||| Stepping randomly (stuck).
  6806 | D:6      | 6806 ||| Stepping randomly (stuck).
  6822 | D:4      | 6822 ||| Stepping randomly (stuck).
  6826 | D:5      | 6826 ||| Stepping randomly (stuck).
  6827 | D:5      | 6827 ||| Stepping randomly (stuck).
  6831 | D:4      | 6831 ||| Stepping randomly (stuck).
  6847 | D:6      | 6847 ||| Stepping randomly (stuck).
  6863 | D:4      | 6863 ||| Stepping randomly (stuck).
  6867 | D:5      | 6867 ||| Stepping randomly (stuck).
  6868 | D:5      | 6868 ||| Stepping randomly (stuck).
  6873 | D:4      | 6873 ||| Stepping randomly (stuck).
  6889 | D:6      | 6889 ||| Stepping randomly (stuck).
  6905 | D:4      | 6905 ||| Stepping randomly (stuck).
  6909 | D:5      | 6909 ||| Stepping randomly (stuck).
  6910 | D:5      | 6910 ||| Stepping randomly (stuck).
  6914 | D:4      | 6914 ||| Stepping randomly (stuck).
  6930 | D:6      | 6930 ||| Stepping randomly (stuck).
  6946 | D:4      | 6946 ||| Stepping randomly (stuck).
  6950 | D:5      | 6950 ||| Stepping randomly (stuck).
  6951 | D:5      | 6951 ||| Stepping randomly (stuck).
  6955 | D:4      | 6955 ||| Stepping randomly (stuck).
  6971 | D:6      | 6971 ||| Stepping randomly (stuck).
  6987 | D:4      | 6987 ||| Stepping randomly (stuck).
  6991 | D:5      | 6991 ||| Stepping randomly (stuck).
  6992 | D:5      | 6992 ||| Stepping randomly (stuck).
  6997 | D:4      | 6997 ||| Stepping randomly (stuck).
  7013 | D:6      | 7013 ||| Stepping randomly (stuck).
  7029 | D:4      | 7029 ||| Stepping randomly (stuck).
  7033 | D:5      | 7033 ||| Stepping randomly (stuck).
  7034 | D:5      | 7034 ||| Stepping randomly (stuck).
  7039 | D:4      | 7039 ||| Stepping randomly (stuck).
  7055 | D:6      | 7055 ||| Stepping randomly (stuck).
  7071 | D:4      | 7071 ||| Stepping randomly (stuck).
  7075 | D:5      | 7075 ||| Stepping randomly (stuck).
  7076 | D:5      | 7076 ||| Stepping randomly (stuck).
  7081 | D:4      | 7081 ||| Stepping randomly (stuck).
  7097 | D:6      | 7097 ||| Stepping randomly (stuck).
  7113 | D:4      | 7113 ||| Stepping randomly (stuck).
  7117 | D:5      | 7117 ||| Stepping randomly (stuck).
  7118 | D:5      | 7118 ||| Stepping randomly (stuck).
  7122 | D:4      | 7122 ||| Stepping randomly (stuck).
  7138 | D:6      | 7138 ||| Stepping randomly (stuck).
  7154 | D:4      | 7154 ||| Stepping randomly (stuck).
  7158 | D:5      | 7158 ||| Stepping randomly (stuck).
  7159 | D:5      | 7159 ||| Stepping randomly (stuck).
  7163 | D:4      | 7163 ||| Stepping randomly (stuck).
  7179 | D:6      | 7179 ||| Stepping randomly (stuck).
  7195 | D:4      | 7195 ||| Stepping randomly (stuck).
  7199 | D:5      | 7199 ||| Stepping randomly (stuck).
  7200 | D:5      | 7200 ||| Stepping randomly (stuck).
  7204 | D:4      | 7204 ||| Stepping randomly (stuck).
  7220 | D:6      | 7220 ||| Stepping randomly (stuck).
  7236 | D:4      | 7236 ||| Stepping randomly (stuck).
  7240 | D:5      | 7240 ||| Stepping randomly (stuck).
  7241 | D:5      | 7241 ||| Stepping randomly (stuck).
  7246 | D:4      | 7246 ||| Stepping randomly (stuck).
  7262 | D:6      | 7262 ||| Stepping randomly (stuck).
  7278 | D:4      | 7278 ||| Stepping randomly (stuck).
  7282 | D:5      | 7282 ||| Stepping randomly (stuck).
  7283 | D:5      | 7283 ||| Stepping randomly (stuck).
  7288 | D:4      | 7288 ||| Stepping randomly (stuck).
  7304 | D:6      | 7304 ||| Stepping randomly (stuck).
  7320 | D:4      | 7320 ||| Stepping randomly (stuck).
  7324 | D:5      | 7324 ||| Stepping randomly (stuck).
  7325 | D:5      | 7325 ||| Stepping randomly (stuck).
  7330 | D:4      | 7330 ||| Stepping randomly (stuck).
  7346 | D:6      | 7346 ||| Stepping randomly (stuck).
  7362 | D:4      | 7362 ||| Stepping randomly (stuck).
  7366 | D:5      | 7366 ||| Stepping randomly (stuck).
  7367 | D:5      | 7367 ||| Stepping randomly (stuck).
  7372 | D:4      | 7372 ||| Stepping randomly (stuck).
  7388 | D:6      | 7388 ||| Stepping randomly (stuck).
  7404 | D:4      | 7404 ||| Stepping randomly (stuck).
  7408 | D:5      | 7408 ||| Stepping randomly (stuck).
  7409 | D:5      | 7409 ||| Stepping randomly (stuck).
  7414 | D:4      | 7414 ||| Stepping randomly (stuck).
  7430 | D:6      | 7430 ||| Stepping randomly (stuck).
  7446 | D:4      | 7446 ||| Stepping randomly (stuck).
  7450 | D:5      | 7450 ||| Stepping randomly (stuck).
  7451 | D:5      | 7451 ||| Stepping randomly (stuck).
  7456 | D:4      | 7456 ||| Stepping randomly (stuck).
  7472 | D:6      | 7472 ||| Stepping randomly (stuck).
  7488 | D:4      | 7488 ||| Stepping randomly (stuck).
  7492 | D:5      | 7492 ||| Stepping randomly (stuck).
  7493 | D:5      | 7493 ||| Stepping randomly (stuck).
  7498 | D:4      | 7498 ||| Stepping randomly (stuck).
  7514 | D:6      | 7514 ||| Stepping randomly (stuck).
  7530 | D:4      | 7530 ||| Stepping randomly (stuck).
  7534 | D:5      | 7534 ||| Stepping randomly (stuck).
  7535 | D:5      | 7535 ||| Stepping randomly (stuck).
  7539 | D:4      | 7539 ||| Stepping randomly (stuck).
  7555 | D:6      | 7555 ||| Stepping randomly (stuck).
  7571 | D:4      | 7571 ||| Stepping randomly (stuck).
  7575 | D:5      | 7575 ||| Stepping randomly (stuck).
  7576 | D:5      | 7576 ||| Stepping randomly (stuck).
  7581 | D:4      | 7581 ||| Stepping randomly (stuck).
  7597 | D:6      | 7597 ||| Stepping randomly (stuck).
  7613 | D:4      | 7613 ||| Stepping randomly (stuck).
  7617 | D:5      | 7617 ||| Stepping randomly (stuck).
  7618 | D:5      | 7618 ||| Stepping randomly (stuck).
  7623 | D:4      | 7623 ||| Stepping randomly (stuck).
  7639 | D:6      | 7639 ||| Stepping randomly (stuck).
  7655 | D:4      | 7655 ||| Stepping randomly (stuck).
  7659 | D:5      | 7659 ||| Stepping randomly (stuck).
  7660 | D:5      | 7660 ||| Stepping randomly (stuck).
  7665 | D:4      | 7665 ||| Stepping randomly (stuck).
  7681 | D:6      | 7681 ||| Stepping randomly (stuck).
  7697 | D:4      | 7697 ||| Stepping randomly (stuck).
  7701 | D:5      | 7701 ||| Stepping randomly (stuck).
  7702 | D:5      | 7702 ||| Stepping randomly (stuck).
  7707 | D:4      | 7707 ||| Stepping randomly (stuck).
  7723 | D:6      | 7723 ||| Stepping randomly (stuck).
  7739 | D:4      | 7739 ||| Stepping randomly (stuck).
  7743 | D:5      | 7743 ||| Stepping randomly (stuck).
  7744 | D:5      | 7744 ||| Stepping randomly (stuck).
  7747 | D:4      | 7747 ||| Stepping randomly (stuck).
  7763 | D:6      | 7763 ||| Stepping randomly (stuck).
  7779 | D:4      | 7779 ||| Stepping randomly (stuck).
  7783 | D:5      | 7783 ||| Stepping randomly (stuck).
  7784 | D:5      | 7784 ||| Stepping randomly (stuck).
  7789 | D:4      | 7789 ||| Stepping randomly (stuck).
  7805 | D:6      | 7805 ||| Stepping randomly (stuck).
  7821 | D:4      | 7821 ||| Stepping randomly (stuck).
  7825 | D:5      | 7825 ||| Stepping randomly (stuck).
  7826 | D:5      | 7826 ||| Stepping randomly (stuck).
  7830 | D:4      | 7830 ||| Stepping randomly (stuck).
  7846 | D:6      | 7846 ||| Stepping randomly (stuck).
  7862 | D:4      | 7862 ||| Stepping randomly (stuck).
  7866 | D:5      | 7866 ||| Stepping randomly (stuck).
  7867 | D:5      | 7867 ||| Stepping randomly (stuck).
  7871 | D:4      | 7871 ||| Stepping randomly (stuck).
  7887 | D:6      | 7887 ||| Stepping randomly (stuck).
  7903 | D:4      | 7903 ||| Stepping randomly (stuck).
  7907 | D:5      | 7907 ||| Stepping randomly (stuck).
  7908 | D:5      | 7908 ||| Stepping randomly (stuck).
  7913 | D:4      | 7913 ||| Stepping randomly (stuck).
  7929 | D:6      | 7929 ||| Stepping randomly (stuck).
  7945 | D:4      | 7945 ||| Stepping randomly (stuck).
  7949 | D:5      | 7949 ||| Stepping randomly (stuck).
  7950 | D:5      | 7950 ||| Stepping randomly (stuck).
  7953 | D:4      | 7953 ||| Stepping randomly (stuck).
  7969 | D:6      | 7969 ||| Stepping randomly (stuck).
  7985 | D:4      | 7985 ||| Stepping randomly (stuck).
  7989 | D:5      | 7989 ||| Stepping randomly (stuck).
  7990 | D:5      | 7990 ||| Stepping randomly (stuck).
  7994 | D:4      | 7994 ||| Stepping randomly (stuck).
  8010 | D:6      | 8010 ||| Stepping randomly (stuck).
  8026 | D:4      | 8026 ||| Stepping randomly (stuck).
  8030 | D:5      | 8030 ||| Stepping randomly (stuck).
  8031 | D:5      | 8031 ||| Stepping randomly (stuck).
  8036 | D:4      | 8036 ||| Stepping randomly (stuck).
  8052 | D:6      | 8052 ||| Stepping randomly (stuck).
  8068 | D:4      | 8068 ||| Stepping randomly (stuck).
  8072 | D:5      | 8072 ||| Stepping randomly (stuck).
  8073 | D:5      | 8073 ||| Stepping randomly (stuck).
  8078 | D:4      | 8078 ||| Stepping randomly (stuck).
  8094 | D:6      | 8094 ||| Stepping randomly (stuck).
  8110 | D:4      | 8110 ||| Stepping randomly (stuck).
  8114 | D:5      | 8114 ||| Stepping randomly (stuck).
  8115 | D:5      | 8115 ||| Stepping randomly (stuck).
  8118 | D:4      | 8118 ||| Stepping randomly (stuck).
  8134 | D:6      | 8134 ||| Stepping randomly (stuck).
  8150 | D:4      | 8150 ||| Stepping randomly (stuck).
  8154 | D:5      | 8154 ||| Stepping randomly (stuck).
  8155 | D:5      | 8155 ||| Stepping randomly (stuck).
  8159 | D:4      | 8159 ||| Stepping randomly (stuck).
  8175 | D:6      | 8175 ||| Stepping randomly (stuck).
  8191 | D:4      | 8191 ||| Stepping randomly (stuck).
  8195 | D:5      | 8195 ||| Stepping randomly (stuck).
  8196 | D:5      | 8196 ||| Stepping randomly (stuck).
  8201 | D:4      | 8201 ||| Stepping randomly (stuck).
  8217 | D:6      | 8217 ||| Stepping randomly (stuck).
  8233 | D:4      | 8233 ||| Stepping randomly (stuck).
  8237 | D:5      | 8237 ||| Stepping randomly (stuck).
  8238 | D:5      | 8238 ||| Stepping randomly (stuck).
  8241 | D:4      | 8241 ||| Stepping randomly (stuck).
  8257 | D:6      | 8257 ||| Stepping randomly (stuck).
  8273 | D:4      | 8273 ||| Stepping randomly (stuck).
  8277 | D:5      | 8277 ||| Stepping randomly (stuck).
  8278 | D:5      | 8278 ||| Stepping randomly (stuck).
  8282 | D:4      | 8282 ||| Stepping randomly (stuck).
  8298 | D:6      | 8298 ||| Stepping randomly (stuck).
  8314 | D:4      | 8314 ||| Stepping randomly (stuck).
  8318 | D:5      | 8318 ||| Stepping randomly (stuck).
  8319 | D:5      | 8319 ||| Stepping randomly (stuck).
  8324 | D:4      | 8324 ||| Stepping randomly (stuck).
  8340 | D:6      | 8340 ||| Stepping randomly (stuck).
  8356 | D:4      | 8356 ||| Stepping randomly (stuck).
  8360 | D:5      | 8360 ||| Stepping randomly (stuck).
  8361 | D:5      | 8361 ||| Stepping randomly (stuck).
  8366 | D:4      | 8366 ||| Stepping randomly (stuck).
  8382 | D:6      | 8382 ||| Stepping randomly (stuck).
  8398 | D:4      | 8398 ||| Stepping randomly (stuck).
  8402 | D:5      | 8402 ||| Stepping randomly (stuck).
  8403 | D:5      | 8403 ||| Stepping randomly (stuck).
  8407 | D:4      | 8407 ||| Stepping randomly (stuck).
  8423 | D:6      | 8423 ||| Stepping randomly (stuck).
  8439 | D:4      | 8439 ||| Stepping randomly (stuck).
  8443 | D:5      | 8443 ||| Stepping randomly (stuck).
  8444 | D:5      | 8444 ||| Stepping randomly (stuck).
  8449 | D:4      | 8449 ||| Stepping randomly (stuck).
  8465 | D:6      | 8465 ||| Stepping randomly (stuck).
  8481 | D:4      | 8481 ||| Stepping randomly (stuck).
  8485 | D:5      | 8485 ||| Stepping randomly (stuck).
  8486 | D:5      | 8486 ||| Stepping randomly (stuck).
  8491 | D:4      | 8491 ||| Stepping randomly (stuck).
  8507 | D:6      | 8507 ||| Stepping randomly (stuck).
  8523 | D:4      | 8523 ||| Stepping randomly (stuck).
  8527 | D:5      | 8527 ||| Stepping randomly (stuck).
  8528 | D:5      | 8528 ||| Stepping randomly (stuck).
  8533 | D:4      | 8533 ||| Stepping randomly (stuck).
  8549 | D:6      | 8549 ||| Stepping randomly (stuck).
  8565 | D:4      | 8565 ||| Stepping randomly (stuck).
  8569 | D:5      | 8569 ||| Stepping randomly (stuck).
  8570 | D:5      | 8570 ||| Stepping randomly (stuck).
  8575 | D:4      | 8575 ||| Stepping randomly (stuck).
  8591 | D:6      | 8591 ||| Stepping randomly (stuck).
  8607 | D:4      | 8607 ||| Stepping randomly (stuck).
  8611 | D:5      | 8611 ||| Stepping randomly (stuck).
  8612 | D:5      | 8612 ||| Stepping randomly (stuck).
  8617 | D:4      | 8617 ||| Stepping randomly (stuck).
  8633 | D:6      | 8633 ||| Stepping randomly (stuck).
  8649 | D:4      | 8649 ||| Stepping randomly (stuck).
  8653 | D:5      | 8653 ||| Stepping randomly (stuck).
  8654 | D:5      | 8654 ||| Stepping randomly (stuck).
  8659 | D:4      | 8659 ||| Stepping randomly (stuck).
  8675 | D:6      | 8675 ||| Stepping randomly (stuck).
  8691 | D:4      | 8691 ||| Stepping randomly (stuck).
  8695 | D:5      | 8695 ||| Stepping randomly (stuck).
  8696 | D:5      | 8696 ||| Stepping randomly (stuck).
  8701 | D:4      | 8701 ||| Stepping randomly (stuck).
  8717 | D:6      | 8717 ||| Stepping randomly (stuck).
  8733 | D:4      | 8733 ||| Stepping randomly (stuck).
  8737 | D:5      | 8737 ||| Stepping randomly (stuck).
  8738 | D:5      | 8738 ||| Stepping randomly (stuck).
  8743 | D:4      | 8743 ||| Stepping randomly (stuck).
  8759 | D:6      | 8759 ||| Stepping randomly (stuck).
  8775 | D:4      | 8775 ||| Stepping randomly (stuck).
  8779 | D:5      | 8779 ||| Stepping randomly (stuck).
  8780 | D:5      | 8780 ||| Stepping randomly (stuck).
  8784 | D:4      | 8784 ||| Stepping randomly (stuck).
  8800 | D:6      | 8800 ||| Stepping randomly (stuck).
  8816 | D:4      | 8816 ||| Stepping randomly (stuck).
  8820 | D:5      | 8820 ||| Stepping randomly (stuck).
  8821 | D:5      | 8821 ||| Stepping randomly (stuck).
  8826 | D:4      | 8826 ||| Stepping randomly (stuck).
  8842 | D:6      | 8842 ||| Stepping randomly (stuck).
  8858 | D:4      | 8858 ||| Stepping randomly (stuck).
  8862 | D:5      | 8862 ||| Stepping randomly (stuck).
  8863 | D:5      | 8863 ||| Stepping randomly (stuck).
  8866 | D:4      | 8866 ||| Stepping randomly (stuck).
  8882 | D:6      | 8882 ||| Stepping randomly (stuck).
  8898 | D:4      | 8898 ||| Stepping randomly (stuck).
  8902 | D:5      | 8902 ||| Stepping randomly (stuck).
  8903 | D:5      | 8903 ||| Stepping randomly (stuck).
  8908 | D:4      | 8908 ||| Stepping randomly (stuck).
  8924 | D:6      | 8924 ||| Stepping randomly (stuck).
  8940 | D:4      | 8940 ||| Stepping randomly (stuck).
  8944 | D:5      | 8944 ||| Stepping randomly (stuck).
  8945 | D:5      | 8945 ||| Stepping randomly (stuck).
  8949 | D:4      | 8949 ||| Stepping randomly (stuck).
  8965 | D:6      | 8965 ||| Stepping randomly (stuck).
  8981 | D:4      | 8981 ||| Stepping randomly (stuck).
  8985 | D:5      | 8985 ||| Stepping randomly (stuck).
  8986 | D:5      | 8986 ||| Stepping randomly (stuck).
  8989 | D:4      | 8989 ||| Stepping randomly (stuck).
  9005 | D:6      | 9005 ||| Stepping randomly (stuck).
  9021 | D:4      | 9021 ||| Stepping randomly (stuck).
  9025 | D:5      | 9025 ||| Stepping randomly (stuck).
  9026 | D:5      | 9026 ||| Stepping randomly (stuck).
  9031 | D:4      | 9031 ||| Stepping randomly (stuck).
  9047 | D:6      | 9047 ||| Stepping randomly (stuck).
  9063 | D:4      | 9063 ||| Stepping randomly (stuck).
  9067 | D:5      | 9067 ||| Stepping randomly (stuck).
  9068 | D:5      | 9068 ||| Stepping randomly (stuck).
  9073 | D:4      | 9073 ||| Stepping randomly (stuck).
  9089 | D:6      | 9089 ||| Stepping randomly (stuck).
  9105 | D:4      | 9105 ||| Stepping randomly (stuck).
  9109 | D:5      | 9109 ||| Stepping randomly (stuck).
  9110 | D:5      | 9110 ||| Stepping randomly (stuck).
  9114 | D:4      | 9114 ||| Stepping randomly (stuck).
  9130 | D:6      | 9130 ||| Stepping randomly (stuck).
  9146 | D:4      | 9146 ||| Stepping randomly (stuck).
  9150 | D:5      | 9150 ||| Stepping randomly (stuck).
  9151 | D:5      | 9151 ||| Stepping randomly (stuck).
  9156 | D:4      | 9156 ||| Stepping randomly (stuck).
  9172 | D:6      | 9172 ||| Stepping randomly (stuck).
  9188 | D:4      | 9188 ||| Stepping randomly (stuck).
  9192 | D:5      | 9192 ||| Stepping randomly (stuck).
  9193 | D:5      | 9193 ||| Stepping randomly (stuck).
  9198 | D:4      | 9198 ||| Stepping randomly (stuck).
  9214 | D:6      | 9214 ||| Stepping randomly (stuck).
  9230 | D:4      | 9230 ||| Stepping randomly (stuck).
  9234 | D:5      | 9234 ||| Stepping randomly (stuck).
  9235 | D:5      | 9235 ||| Stepping randomly (stuck).
  9240 | D:4      | 9240 ||| Stepping randomly (stuck).
  9256 | D:6      | 9256 ||| Stepping randomly (stuck).
  9272 | D:4      | 9272 ||| Stepping randomly (stuck).
  9276 | D:5      | 9276 ||| Stepping randomly (stuck).
  9277 | D:5      | 9277 ||| Stepping randomly (stuck).
  9282 | D:4      | 9282 ||| Stepping randomly (stuck).
  9298 | D:6      | 9298 ||| Stepping randomly (stuck).
  9314 | D:4      | 9314 ||| Stepping randomly (stuck).
  9318 | D:5      | 9318 ||| Stepping randomly (stuck).
  9319 | D:5      | 9319 ||| Stepping randomly (stuck).
  9324 | D:4      | 9324 ||| Stepping randomly (stuck).
  9340 | D:6      | 9340 ||| Stepping randomly (stuck).
  9356 | D:4      | 9356 ||| Stepping randomly (stuck).
  9360 | D:5      | 9360 ||| Stepping randomly (stuck).
  9361 | D:5      | 9361 ||| Stepping randomly (stuck).
  9366 | D:4      | 9366 ||| Stepping randomly (stuck).
  9382 | D:6      | 9382 ||| Stepping randomly (stuck).
  9398 | D:4      | 9398 ||| Stepping randomly (stuck).
  9402 | D:5      | 9402 ||| Stepping randomly (stuck).
  9403 | D:5      | 9403 ||| Stepping randomly (stuck).
  9408 | D:4      | 9408 ||| Stepping randomly (stuck).
  9424 | D:6      | 9424 ||| Stepping randomly (stuck).
  9440 | D:4      | 9440 ||| Stepping randomly (stuck).
  9444 | D:5      | 9444 ||| Stepping randomly (stuck).
  9445 | D:5      | 9445 ||| Stepping randomly (stuck).
  9449 | D:4      | 9449 ||| Stepping randomly (stuck).
  9465 | D:6      | 9465 ||| Stepping randomly (stuck).
  9481 | D:4      | 9481 ||| Stepping randomly (stuck).
  9485 | D:5      | 9485 ||| Stepping randomly (stuck).
  9486 | D:5      | 9486 ||| Stepping randomly (stuck).
  9491 | D:4      | 9491 ||| Stepping randomly (stuck).
  9507 | D:6      | 9507 ||| Stepping randomly (stuck).
  9523 | D:4      | 9523 ||| Stepping randomly (stuck).
  9527 | D:5      | 9527 ||| Stepping randomly (stuck).
  9528 | D:5      | 9528 ||| Stepping randomly (stuck).
  9532 | D:4      | 9532 ||| Stepping randomly (stuck).
  9548 | D:6      | 9548 ||| Stepping randomly (stuck).
  9564 | D:4      | 9564 ||| Stepping randomly (stuck).
  9568 | D:5      | 9568 ||| Stepping randomly (stuck).
  9569 | D:5      | 9569 ||| Stepping randomly (stuck).
  9573 | D:4      | 9573 ||| Stepping randomly (stuck).
  9589 | D:6      | 9589 ||| Stepping randomly (stuck).
  9605 | D:4      | 9605 ||| Stepping randomly (stuck).
  9609 | D:5      | 9609 ||| Stepping randomly (stuck).
  9610 | D:5      | 9610 ||| Stepping randomly (stuck).
  9614 | D:4      | 9614 ||| Stepping randomly (stuck).
  9630 | D:6      | 9630 ||| Stepping randomly (stuck).
  9646 | D:4      | 9646 ||| Stepping randomly (stuck).
  9650 | D:5      | 9650 ||| Stepping randomly (stuck).
  9651 | D:5      | 9651 ||| Stepping randomly (stuck).
  9655 | D:4      | 9655 ||| Stepping randomly (stuck).
  9671 | D:6      | 9671 ||| Stepping randomly (stuck).
  9687 | D:4      | 9687 ||| Stepping randomly (stuck).
  9691 | D:5      | 9691 ||| Stepping randomly (stuck).
  9692 | D:5      | 9692 ||| Stepping randomly (stuck).
  9696 | D:4      | 9696 ||| Stepping randomly (stuck).
  9712 | D:6      | 9712 ||| Stepping randomly (stuck).
  9728 | D:4      | 9728 ||| Stepping randomly (stuck).
  9732 | D:5      | 9732 ||| Stepping randomly (stuck).
  9733 | D:5      | 9733 ||| Stepping randomly (stuck).
  9737 | D:4      | 9737 ||| Stepping randomly (stuck).
  9753 | D:6      | 9753 ||| Stepping randomly (stuck).
  9769 | D:4      | 9769 ||| Stepping randomly (stuck).
  9773 | D:5      | 9773 ||| Stepping randomly (stuck).
  9774 | D:5      | 9774 ||| Stepping randomly (stuck).
  9779 | D:4      | 9779 ||| Stepping randomly (stuck).
  9795 | D:6      | 9795 ||| Stepping randomly (stuck).
  9811 | D:4      | 9811 ||| Stepping randomly (stuck).
  9815 | D:5      | 9815 ||| Stepping randomly (stuck).
  9816 | D:5      | 9816 ||| Stepping randomly (stuck).
  9820 | D:4      | 9820 ||| Stepping randomly (stuck).
  9836 | D:6      | 9836 ||| Stepping randomly (stuck).
  9852 | D:4      | 9852 ||| Stepping randomly (stuck).
  9856 | D:5      | 9856 ||| Stepping randomly (stuck).
  9857 | D:5      | 9857 ||| Stepping randomly (stuck).
  9862 | D:4      | 9862 ||| Stepping randomly (stuck).
  9878 | D:6      | 9878 ||| Stepping randomly (stuck).
  9894 | D:4      | 9894 ||| Stepping randomly (stuck).
  9898 | D:5      | 9898 ||| Stepping randomly (stuck).
  9899 | D:5      | 9899 ||| Stepping randomly (stuck).
  9904 | D:4      | 9904 ||| Stepping randomly (stuck).
  9920 | D:6      | 9920 ||| Stepping randomly (stuck).
  9936 | D:4      | 9936 ||| Stepping randomly (stuck).
  9940 | D:5      | 9940 ||| Stepping randomly (stuck).
  9941 | D:5      | 9941 ||| Stepping randomly (stuck).
  9946 | D:4      | 9946 ||| Stepping randomly (stuck).
  9962 | D:6      | 9962 ||| Stepping randomly (stuck).
  9978 | D:4      | 9978 ||| Stepping randomly (stuck).
  9982 | D:5      | 9982 ||| Stepping randomly (stuck).
  9983 | D:5      | 9983 ||| Stepping randomly (stuck).
  9986 | D:4      | 9986 ||| Stepping randomly (stuck).
 10002 | D:6      | 10002 ||| Stepping randomly (stuck).
 10018 | D:4      | 10018 ||| Stepping randomly (stuck).
 10022 | D:5      | 10022 ||| Stepping randomly (stuck).
 10023 | D:5      | 10023 ||| Stepping randomly (stuck).
 10027 | D:4      | 10027 ||| Stepping randomly (stuck).
 10043 | D:6      | 10043 ||| Stepping randomly (stuck).
 10059 | D:4      | 10059 ||| Stepping randomly (stuck).
 10063 | D:5      | 10063 ||| Stepping randomly (stuck).
 10064 | D:5      | 10064 ||| Stepping randomly (stuck).
 10069 | D:4      | 10069 ||| Stepping randomly (stuck).
 10085 | D:6      | 10085 ||| Stepping randomly (stuck).
 10101 | D:4      | 10101 ||| Stepping randomly (stuck).
 10105 | D:5      | 10105 ||| Stepping randomly (stuck).
 10106 | D:5      | 10106 ||| Stepping randomly (stuck).
 10111 | D:4      | 10111 ||| Stepping randomly (stuck).
 10127 | D:6      | 10127 ||| Stepping randomly (stuck).
 10143 | D:4      | 10143 ||| Stepping randomly (stuck).
 10147 | D:5      | 10147 ||| Stepping randomly (stuck).
 10148 | D:5      | 10148 ||| Stepping randomly (stuck).
 10153 | D:4      | 10153 ||| Stepping randomly (stuck).
 10169 | D:6      | 10169 ||| Stepping randomly (stuck).
 10185 | D:4      | 10185 ||| Stepping randomly (stuck).
 10189 | D:5      | 10189 ||| Stepping randomly (stuck).
 10190 | D:5      | 10190 ||| Stepping randomly (stuck).
 10194 | D:4      | 10194 ||| Stepping randomly (stuck).
 10210 | D:6      | 10210 ||| Stepping randomly (stuck).
 10226 | D:4      | 10226 ||| Stepping randomly (stuck).
 10230 | D:5      | 10230 ||| Stepping randomly (stuck).
 10231 | D:5      | 10231 ||| Stepping randomly (stuck).
 10234 | D:4      | 10234 ||| Stepping randomly (stuck).
 10250 | D:6      | 10250 ||| Stepping randomly (stuck).
 10266 | D:4      | 10266 ||| Stepping randomly (stuck).
 10270 | D:5      | 10270 ||| Stepping randomly (stuck).
 10271 | D:5      | 10271 ||| Stepping randomly (stuck).
 10276 | D:4      | 10276 ||| Stepping randomly (stuck).
 10292 | D:6      | 10292 ||| Stepping randomly (stuck).
 10308 | D:4      | 10308 ||| Stepping randomly (stuck).
 10312 | D:5      | 10312 ||| Stepping randomly (stuck).
 10313 | D:5      | 10313 ||| Stepping randomly (stuck).
 10316 | D:4      | 10316 ||| Stepping randomly (stuck).
 10332 | D:6      | 10332 ||| Stepping randomly (stuck).
 10348 | D:4      | 10348 ||| Stepping randomly (stuck).
 10352 | D:5      | 10352 ||| Stepping randomly (stuck).
 10353 | D:5      | 10353 ||| Stepping randomly (stuck).
 10358 | D:4      | 10358 ||| Stepping randomly (stuck).
 10374 | D:6      | 10374 ||| Stepping randomly (stuck).
 10390 | D:4      | 10390 ||| Stepping randomly (stuck).
 10394 | D:5      | 10394 ||| Stepping randomly (stuck).
 10395 | D:5      | 10395 ||| Stepping randomly (stuck).
 10400 | D:4      | 10400 ||| Stepping randomly (stuck).
 10416 | D:6      | 10416 ||| Stepping randomly (stuck).
 10432 | D:4      | 10432 ||| Stepping randomly (stuck).
 10436 | D:5      | 10436 ||| Stepping randomly (stuck).
 10437 | D:5      | 10437 ||| Stepping randomly (stuck).
 10441 | D:4      | 10441 ||| Stepping randomly (stuck).
 10457 | D:6      | 10457 ||| Stepping randomly (stuck).
 10473 | D:4      | 10473 ||| Stepping randomly (stuck).
 10477 | D:5      | 10477 ||| Stepping randomly (stuck).
 10478 | D:5      | 10478 ||| Stepping randomly (stuck).
 10481 | D:4      | 10481 ||| Stepping randomly (stuck).
 10497 | D:6      | 10497 ||| Stepping randomly (stuck).
 10513 | D:4      | 10513 ||| Stepping randomly (stuck).
 10517 | D:5      | 10517 ||| Stepping randomly (stuck).
 10518 | D:5      | 10518 ||| Stepping randomly (stuck).
 10523 | D:4      | 10523 ||| Stepping randomly (stuck).
 10539 | D:6      | 10539 ||| Stepping randomly (stuck).
 10555 | D:4      | 10555 ||| Stepping randomly (stuck).
 10559 | D:5      | 10559 ||| Stepping randomly (stuck).
 10560 | D:5      | 10560 ||| Stepping randomly (stuck).
 10564 | D:4      | 10564 ||| Stepping randomly (stuck).
 10580 | D:6      | 10580 ||| Stepping randomly (stuck).
 10596 | D:4      | 10596 ||| Stepping randomly (stuck).
 10600 | D:5      | 10600 ||| Stepping randomly (stuck).
 10601 | D:5      | 10601 ||| Stepping randomly (stuck).
 10605 | D:4      | 10605 ||| Stepping randomly (stuck).
 10621 | D:6      | 10621 ||| Stepping randomly (stuck).
 10637 | D:4      | 10637 ||| Stepping randomly (stuck).
 10641 | D:5      | 10641 ||| Stepping randomly (stuck).
 10642 | D:5      | 10642 ||| Stepping randomly (stuck).
 10646 | D:4      | 10646 ||| Stepping randomly (stuck).
 10662 | D:6      | 10662 ||| Stepping randomly (stuck).
 10678 | D:4      | 10678 ||| Stepping randomly (stuck).
 10682 | D:5      | 10682 ||| Stepping randomly (stuck).
 10683 | D:5      | 10683 ||| Stepping randomly (stuck).
 10687 | D:4      | 10687 ||| Stepping randomly (stuck).
 10703 | D:6      | 10703 ||| Stepping randomly (stuck).
 10719 | D:4      | 10719 ||| Stepping randomly (stuck).
 10723 | D:5      | 10723 ||| Stepping randomly (stuck).
 10724 | D:5      | 10724 ||| Stepping randomly (stuck).
 10729 | D:4      | 10729 ||| Stepping randomly (stuck).
 10745 | D:6      | 10745 ||| Stepping randomly (stuck).
 10761 | D:4      | 10761 ||| Stepping randomly (stuck).
 10765 | D:5      | 10765 ||| Stepping randomly (stuck).
 10766 | D:5      | 10766 ||| Stepping randomly (stuck).
 10771 | D:4      | 10771 ||| Stepping randomly (stuck).
 10787 | D:6      | 10787 ||| Stepping randomly (stuck).
 10803 | D:4      | 10803 ||| Stepping randomly (stuck).
 10807 | D:5      | 10807 ||| Stepping randomly (stuck).
 10808 | D:5      | 10808 ||| Stepping randomly (stuck).
 10813 | D:4      | 10813 ||| Stepping randomly (stuck).
 10829 | D:6      | 10829 ||| Stepping randomly (stuck).
 10845 | D:4      | 10845 ||| Stepping randomly (stuck).
 10849 | D:5      | 10849 ||| Stepping randomly (stuck).
 10850 | D:5      | 10850 ||| Stepping randomly (stuck).
 10854 | D:4      | 10854 ||| Stepping randomly (stuck).
 10870 | D:6      | 10870 ||| Stepping randomly (stuck).
 10886 | D:4      | 10886 ||| Stepping randomly (stuck).
 10890 | D:5      | 10890 ||| Stepping randomly (stuck).
 10891 | D:5      | 10891 ||| Stepping randomly (stuck).
 10895 | D:4      | 10895 ||| Stepping randomly (stuck).
 10911 | D:6      | 10911 ||| Stepping randomly (stuck).
 10927 | D:4      | 10927 ||| Stepping randomly (stuck).
 10931 | D:5      | 10931 ||| Stepping randomly (stuck).
 10932 | D:5      | 10932 ||| Stepping randomly (stuck).
 10937 | D:4      | 10937 ||| Stepping randomly (stuck).
 10953 | D:6      | 10953 ||| Stepping randomly (stuck).
 10969 | D:4      | 10969 ||| Stepping randomly (stuck).
 10973 | D:5      | 10973 ||| Stepping randomly (stuck).
 10974 | D:5      | 10974 ||| Stepping randomly (stuck).
 10979 | D:4      | 10979 ||| Stepping randomly (stuck).
 10995 | D:6      | 10995 ||| Stepping randomly (stuck).
 11011 | D:4      | 11011 ||| Stepping randomly (stuck).
 11015 | D:5      | 11015 ||| Stepping randomly (stuck).
 11016 | D:5      | 11016 ||| Stepping randomly (stuck).
 11020 | D:4      | 11020 ||| Stepping randomly (stuck).
 11036 | D:6      | 11036 ||| Stepping randomly (stuck).
 11052 | D:4      | 11052 ||| Stepping randomly (stuck).
 11056 | D:5      | 11056 ||| Stepping randomly (stuck).
 11057 | D:5      | 11057 ||| Stepping randomly (stuck).
 11061 | D:4      | 11061 ||| Stepping randomly (stuck).
 11077 | D:6      | 11077 ||| Stepping randomly (stuck).
 11093 | D:4      | 11093 ||| Stepping randomly (stuck).
 11097 | D:5      | 11097 ||| Stepping randomly (stuck).
 11098 | D:5      | 11098 ||| Stepping randomly (stuck).
 11103 | D:4      | 11103 ||| Stepping randomly (stuck).
 11119 | D:6      | 11119 ||| Stepping randomly (stuck).
 11135 | D:4      | 11135 ||| Stepping randomly (stuck).
 11139 | D:5      | 11139 ||| Stepping randomly (stuck).
 11140 | D:5      | 11140 ||| Stepping randomly (stuck).
 11145 | D:4      | 11145 ||| Stepping randomly (stuck).
 11161 | D:6      | 11161 ||| Stepping randomly (stuck).
 11177 | D:4      | 11177 ||| Stepping randomly (stuck).
 11181 | D:5      | 11181 ||| Stepping randomly (stuck).
 11182 | D:5      | 11182 ||| Stepping randomly (stuck).
 11187 | D:4      | 11187 ||| Stepping randomly (stuck).
 11203 | D:6      | 11203 ||| Stepping randomly (stuck).
 11219 | D:4      | 11219 ||| Stepping randomly (stuck).
 11223 | D:5      | 11223 ||| Stepping randomly (stuck).
 11224 | D:5      | 11224 ||| Stepping randomly (stuck).
 11229 | D:4      | 11229 ||| Stepping randomly (stuck).
 11245 | D:6      | 11245 ||| Stepping randomly (stuck).
 11261 | D:4      | 11261 ||| Stepping randomly (stuck).
 11265 | D:5      | 11265 ||| Stepping randomly (stuck).
 11266 | D:5      | 11266 ||| Stepping randomly (stuck).
 11270 | D:4      | 11270 ||| Stepping randomly (stuck).
 11286 | D:6      | 11286 ||| Stepping randomly (stuck).
 11302 | D:4      | 11302 ||| Stepping randomly (stuck).
 11306 | D:5      | 11306 ||| Stepping randomly (stuck).
 11307 | D:5      | 11307 ||| Stepping randomly (stuck).
 11311 | D:4      | 11311 ||| Stepping randomly (stuck).
 11327 | D:6      | 11327 ||| Stepping randomly (stuck).
 11343 | D:4      | 11343 ||| Stepping randomly (stuck).
 11347 | D:5      | 11347 ||| Stepping randomly (stuck).
 11348 | D:5      | 11348 ||| Stepping randomly (stuck).
 11351 | D:4      | 11351 ||| Stepping randomly (stuck).
 11367 | D:6      | 11367 ||| Stepping randomly (stuck).
 11383 | D:4      | 11383 ||| Stepping randomly (stuck).
 11387 | D:5      | 11387 ||| Stepping randomly (stuck).
 11388 | D:5      | 11388 ||| Stepping randomly (stuck).
 11393 | D:4      | 11393 ||| Stepping randomly (stuck).
 11409 | D:6      | 11409 ||| Stepping randomly (stuck).
 11425 | D:4      | 11425 ||| Stepping randomly (stuck).
 11429 | D:5      | 11429 ||| Stepping randomly (stuck).
 11430 | D:5      | 11430 ||| Stepping randomly (stuck).
 11434 | D:4      | 11434 ||| Stepping randomly (stuck).
 11450 | D:6      | 11450 ||| Stepping randomly (stuck).
 11466 | D:4      | 11466 ||| Stepping randomly (stuck).
 11470 | D:5      | 11470 ||| Stepping randomly (stuck).
 11471 | D:5      | 11471 ||| Stepping randomly (stuck).
 11474 | D:4      | 11474 ||| Stepping randomly (stuck).
 11490 | D:6      | 11490 ||| Stepping randomly (stuck).
 11506 | D:4      | 11506 ||| Stepping randomly (stuck).
 11510 | D:5      | 11510 ||| Stepping randomly (stuck).
 11511 | D:5      | 11511 ||| Stepping randomly (stuck).
 11515 | D:4      | 11515 ||| Stepping randomly (stuck).
 11531 | D:6      | 11531 ||| Stepping randomly (stuck).
 11547 | D:4      | 11547 ||| Stepping randomly (stuck).
 11551 | D:5      | 11551 ||| Stepping randomly (stuck).
 11552 | D:5      | 11552 ||| Stepping randomly (stuck).
 11556 | D:4      | 11556 ||| Stepping randomly (stuck).
 11572 | D:6      | 11572 ||| Stepping randomly (stuck).
 11588 | D:4      | 11588 ||| Stepping randomly (stuck).
 11592 | D:5      | 11592 ||| Stepping randomly (stuck).
 11593 | D:5      | 11593 ||| Stepping randomly (stuck).
 11597 | D:4      | 11597 ||| Stepping randomly (stuck).
 11613 | D:6      | 11613 ||| Stepping randomly (stuck).
 11629 | D:4      | 11629 ||| Stepping randomly (stuck).
 11633 | D:5      | 11633 ||| Stepping randomly (stuck).
 11634 | D:5      | 11634 ||| Stepping randomly (stuck).
 11639 | D:4      | 11639 ||| Stepping randomly (stuck).
 11655 | D:6      | 11655 ||| Stepping randomly (stuck).
 11671 | D:4      | 11671 ||| Stepping randomly (stuck).
 11675 | D:5      | 11675 ||| Stepping randomly (stuck).
 11676 | D:5      | 11676 ||| Stepping randomly (stuck).
 11681 | D:4      | 11681 ||| Stepping randomly (stuck).
 11697 | D:6      | 11697 ||| Stepping randomly (stuck).
 11713 | D:4      | 11713 ||| Stepping randomly (stuck).
 11717 | D:5      | 11717 ||| Stepping randomly (stuck).
 11718 | D:5      | 11718 ||| Stepping randomly (stuck).
 11722 | D:4      | 11722 ||| Stepping randomly (stuck).
 11738 | D:6      | 11738 ||| Stepping randomly (stuck).
 11754 | D:4      | 11754 ||| Stepping randomly (stuck).
 11758 | D:5      | 11758 ||| Stepping randomly (stuck).
 11759 | D:5      | 11759 ||| Stepping randomly (stuck).
 11764 | D:4      | 11764 ||| Stepping randomly (stuck).
 11780 | D:6      | 11780 ||| Stepping randomly (stuck).
 11796 | D:4      | 11796 ||| Stepping randomly (stuck).
 11800 | D:5      | 11800 ||| Stepping randomly (stuck).
 11801 | D:5      | 11801 ||| Stepping randomly (stuck).
 11806 | D:4      | 11806 ||| Stepping randomly (stuck).
 11822 | D:6      | 11822 ||| Stepping randomly (stuck).
 11838 | D:4      | 11838 ||| Stepping randomly (stuck).
 11842 | D:5      | 11842 ||| Stepping randomly (stuck).
 11843 | D:5      | 11843 ||| Stepping randomly (stuck).
 11847 | D:4      | 11847 ||| Stepping randomly (stuck).
 11863 | D:6      | 11863 ||| Stepping randomly (stuck).
 11879 | D:4      | 11879 ||| Stepping randomly (stuck).
 11883 | D:5      | 11883 ||| Stepping randomly (stuck).
 11884 | D:5      | 11884 ||| Stepping randomly (stuck).
 11887 | D:4      | 11887 ||| Stepping randomly (stuck).
 11903 | D:6      | 11903 ||| Stepping randomly (stuck).
 11919 | D:4      | 11919 ||| Stepping randomly (stuck).
 11923 | D:5      | 11923 ||| Stepping randomly (stuck).
 11924 | D:5      | 11924 ||| Stepping randomly (stuck).
 11928 | D:4      | 11928 ||| Stepping randomly (stuck).
 11944 | D:6      | 11944 ||| Stepping randomly (stuck).
 11960 | D:4      | 11960 ||| Stepping randomly (stuck).
 11964 | D:5      | 11964 ||| Stepping randomly (stuck).
 11965 | D:5      | 11965 ||| Stepping randomly (stuck).
 11968 | D:4      | 11968 ||| Stepping randomly (stuck).
 11984 | D:6      | 11984 ||| Stepping randomly (stuck).
 12000 | D:4      | 12000 ||| Stepping randomly (stuck).
 12004 | D:5      | 12004 ||| Stepping randomly (stuck).
 12005 | D:5      | 12005 ||| Stepping randomly (stuck).
 12010 | D:4      | 12010 ||| Stepping randomly (stuck).
 12026 | D:6      | 12026 ||| Stepping randomly (stuck).
 12042 | D:4      | 12042 ||| Stepping randomly (stuck).
 12046 | D:5      | 12046 ||| Stepping randomly (stuck).
 12047 | D:5      | 12047 ||| Stepping randomly (stuck).
 12051 | D:4      | 12051 ||| Stepping randomly (stuck).
 12067 | D:6      | 12067 ||| Stepping randomly (stuck).
 12083 | D:4      | 12083 ||| Stepping randomly (stuck).
 12087 | D:5      | 12087 ||| Stepping randomly (stuck).
 12088 | D:5      | 12088 ||| Stepping randomly (stuck).
 12093 | D:4      | 12093 ||| Stepping randomly (stuck).
 12109 | D:6      | 12109 ||| Stepping randomly (stuck).
 12125 | D:4      | 12125 ||| Stepping randomly (stuck).
 12129 | D:5      | 12129 ||| Stepping randomly (stuck).
 12130 | D:5      | 12130 ||| Stepping randomly (stuck).
 12134 | D:4      | 12134 ||| Stepping randomly (stuck).
 12150 | D:6      | 12150 ||| Stepping randomly (stuck).
 12166 | D:4      | 12166 ||| Stepping randomly (stuck).
 12170 | D:5      | 12170 ||| Stepping randomly (stuck).
 12171 | D:5      | 12171 ||| Stepping randomly (stuck).
 12175 | D:4      | 12175 ||| Stepping randomly (stuck).
 12191 | D:6      | 12191 ||| Stepping randomly (stuck).
 12207 | D:4      | 12207 ||| Stepping randomly (stuck).
 12211 | D:5      | 12211 ||| Stepping randomly (stuck).
 12212 | D:5      | 12212 ||| Stepping randomly (stuck).
 12216 | D:4      | 12216 ||| Stepping randomly (stuck).
 12232 | D:6      | 12232 ||| Stepping randomly (stuck).
 12248 | D:4      | 12248 ||| Stepping randomly (stuck).
 12252 | D:5      | 12252 ||| Stepping randomly (stuck).
 12253 | D:5      | 12253 ||| Stepping randomly (stuck).
 12258 | D:4      | 12258 ||| Stepping randomly (stuck).
 12274 | D:6      | 12274 ||| Stepping randomly (stuck).
 12290 | D:4      | 12290 ||| Stepping randomly (stuck).
 12294 | D:5      | 12294 ||| Stepping randomly (stuck).
 12295 | D:5      | 12295 ||| Stepping randomly (stuck).
 12299 | D:4      | 12299 ||| Stepping randomly (stuck).
 12315 | D:6      | 12315 ||| Stepping randomly (stuck).
 12331 | D:4      | 12331 ||| Stepping randomly (stuck).
 12335 | D:5      | 12335 ||| Stepping randomly (stuck).
 12336 | D:5      | 12336 ||| Stepping randomly (stuck).
 12341 | D:4      | 12341 ||| Stepping randomly (stuck).
 12357 | D:6      | 12357 ||| Stepping randomly (stuck).
 12373 | D:4      | 12373 ||| Stepping randomly (stuck).
 12377 | D:5      | 12377 ||| Stepping randomly (stuck).
 12378 | D:5      | 12378 ||| Stepping randomly (stuck).
 12383 | D:4      | 12383 ||| Stepping randomly (stuck).
 12399 | D:6      | 12399 ||| Stepping randomly (stuck).
 12415 | D:4      | 12415 ||| Stepping randomly (stuck).
 12419 | D:5      | 12419 ||| Stepping randomly (stuck).
 12420 | D:5      | 12420 ||| Stepping randomly (stuck).
 12425 | D:4      | 12425 ||| Stepping randomly (stuck).
 12441 | D:6      | 12441 ||| Stepping randomly (stuck).
 12457 | D:4      | 12457 ||| Stepping randomly (stuck).
 12461 | D:5      | 12461 ||| Stepping randomly (stuck).
 12462 | D:5      | 12462 ||| Stepping randomly (stuck).
 12467 | D:4      | 12467 ||| Stepping randomly (stuck).
 12483 | D:6      | 12483 ||| Stepping randomly (stuck).
 12499 | D:4      | 12499 ||| Stepping randomly (stuck).
 12503 | D:5      | 12503 ||| Stepping randomly (stuck).
 12504 | D:5      | 12504 ||| Stepping randomly (stuck).
 12509 | D:4      | 12509 ||| Stepping randomly (stuck).
 12525 | D:6      | 12525 ||| Stepping randomly (stuck).
 12541 | D:4      | 12541 ||| Stepping randomly (stuck).
 12545 | D:5      | 12545 ||| Stepping randomly (stuck).
 12546 | D:5      | 12546 ||| Stepping randomly (stuck).
 12550 | D:4      | 12550 ||| Stepping randomly (stuck).
 12566 | D:6      | 12566 ||| Stepping randomly (stuck).
 12582 | D:4      | 12582 ||| Stepping randomly (stuck).
 12586 | D:5      | 12586 ||| Stepping randomly (stuck).
 12587 | D:5      | 12587 ||| Stepping randomly (stuck).
 12590 | D:4      | 12590 ||| Stepping randomly (stuck).
 12606 | D:6      | 12606 ||| Stepping randomly (stuck).
 12622 | D:4      | 12622 ||| Stepping randomly (stuck).
 12626 | D:5      | 12626 ||| Stepping randomly (stuck).
 12627 | D:5      | 12627 ||| Stepping randomly (stuck).
 12631 | D:4      | 12631 ||| Stepping randomly (stuck).
 12647 | D:6      | 12647 ||| Stepping randomly (stuck).
 12663 | D:4      | 12663 ||| Stepping randomly (stuck).
 12667 | D:5      | 12667 ||| Stepping randomly (stuck).
 12668 | D:5      | 12668 ||| Stepping randomly (stuck).
 12673 | D:4      | 12673 ||| Stepping randomly (stuck).
 12689 | D:6      | 12689 ||| Stepping randomly (stuck).
 12705 | D:4      | 12705 ||| Stepping randomly (stuck).
 12709 | D:5      | 12709 ||| Stepping randomly (stuck).
 12710 | D:5      | 12710 ||| Stepping randomly (stuck).
 12714 | D:4      | 12714 ||| Stepping randomly (stuck).
 12730 | D:6      | 12730 ||| Stepping randomly (stuck).
 12746 | D:4      | 12746 ||| Stepping randomly (stuck).
 12750 | D:5      | 12750 ||| Stepping randomly (stuck).
 12751 | D:5      | 12751 ||| Stepping randomly (stuck).
 12756 | D:4      | 12756 ||| Stepping randomly (stuck).
 12772 | D:6      | 12772 ||| Stepping randomly (stuck).
 12788 | D:4      | 12788 ||| Stepping randomly (stuck).
 12792 | D:5      | 12792 ||| Stepping randomly (stuck).
 12793 | D:5      | 12793 ||| Stepping randomly (stuck).
 12798 | D:4      | 12798 ||| Stepping randomly (stuck).
 12814 | D:6      | 12814 ||| Stepping randomly (stuck).
 12830 | D:4      | 12830 ||| Stepping randomly (stuck).
 12834 | D:5      | 12834 ||| Stepping randomly (stuck).
 12835 | D:5      | 12835 ||| Stepping randomly (stuck).
 12840 | D:4      | 12840 ||| Stepping randomly (stuck).
 12856 | D:6      | 12856 ||| Stepping randomly (stuck).
 12872 | D:4      | 12872 ||| Stepping randomly (stuck).
 12876 | D:5      | 12876 ||| Stepping randomly (stuck).
 12877 | D:5      | 12877 ||| Stepping randomly (stuck).
 12881 | D:4      | 12881 ||| Stepping randomly (stuck).
 12897 | D:6      | 12897 ||| Stepping randomly (stuck).
 12913 | D:4      | 12913 ||| Stepping randomly (stuck).
 12917 | D:5      | 12917 ||| Stepping randomly (stuck).
 12918 | D:5      | 12918 ||| Stepping randomly (stuck).
 12922 | D:4      | 12922 ||| Stepping randomly (stuck).
 12938 | D:6      | 12938 ||| Stepping randomly (stuck).
 12954 | D:4      | 12954 ||| Stepping randomly (stuck).
 12958 | D:5      | 12958 ||| Stepping randomly (stuck).
 12959 | D:5      | 12959 ||| Stepping randomly (stuck).
 12963 | D:4      | 12963 ||| Stepping randomly (stuck).
 12979 | D:6      | 12979 ||| Stepping randomly (stuck).
 12995 | D:4      | 12995 ||| Stepping randomly (stuck).
 12999 | D:5      | 12999 ||| Stepping randomly (stuck).
 13000 | D:5      | 13000 ||| Stepping randomly (stuck).
 13003 | D:4      | 13003 ||| Stepping randomly (stuck).
 13019 | D:6      | 13019 ||| Stepping randomly (stuck).
 13035 | D:4      | 13035 ||| Stepping randomly (stuck).
 13039 | D:5      | 13039 ||| Stepping randomly (stuck).
 13040 | D:5      | 13040 ||| Stepping randomly (stuck).
 13044 | D:4      | 13044 ||| Stepping randomly (stuck).
 13060 | D:6      | Quit the game

Levels and vault maps discovered:
D:1:      lightli_arrival_quake, layout_loops_corners
D:2:      layout_loops_ring, chequers_ecumenical_altar_simple, uniq_jessica
D:3:      layout_basic, palyth_temple_overflow_mages, lemuel_crystal_altar
D:4:      layout_basic, uniq_ijyb, uniq_robin, uniq_edmund
D:5:      layout_rooms, minmay_temple_entry_offerings, nicolae_take_the_stairs
D:6:      layout_loops_ring, general_overflow_altar,
          mainiacjoe_overflow_six_doors_small, gammafunk_temple_overflow_wave,
          uniq_eustachio, uniq_sigmund

Skill      XL: |  1  2  3  4  5  6  7  8 |
---------------+-------------------------+-----
Unarmed Combat | 4 5 6 7 9 10 | 10.1
Throwing       | 1 3 |  3.0
Dodging        | 1 |  1.8
Fighting       | 3 |  3.0
Spellcasting   | |  1.0
Fire Magic     | |  2.1

Action                   |  1- 3 |  4- 6 |  7- 9 || total
-------------------------+-------+-------+-------++-------
Melee: Unarmed           |    58 |    78 |   125 ||   261
       Punch             |     1 |     2 |     3 ||     6
Throw: Javelin           |    23 |    12 |    13 ||    48
Invok: Fiery Armour      |       |     2 |     3 ||     5
  Use: Scroll            |     3 |     5 |     9 ||    17
       Potion            |       |     1 |     3 ||     4
 Stab: Sleeping          |     1 |       |       ||     1
Armor: Robe              |    21 |    23 |    25 ||    69
       Skin              |       |       |     8 ||     8
Dodge: Dodged            |    20 |    25 |    97 ||   142

Table legend:
 A = Non-vault XP
 B = Vault XP
 C = Vault XP percentage of total XP
 D = Non-vault monster count
 E = Vault monster count
 F = Vault count percentage of total count
                 A         B        C        D         E       F
            +---------+---------+-------+---------+---------+-------
      Total |    1396 |     831 |  37.3 |      95 |      21 |  18.1
            +---------+---------+-------+---------+---------+-------
        D:1 |      37 |       0 |   0.0 |      24 |       0 |   0.0
        D:2 |      31 |      37 |  54.4 |       9 |       1 |  10.0
        D:3 |     103 |     140 |  57.6 |      19 |       4 |  17.4
        D:4 |     413 |     223 |  35.1 |      25 |      14 |  35.9
        D:5 |     379 |       0 |   0.0 |      13 |       0 |   0.0
        D:6 |     433 |     431 |  49.9 |       5 |       2 |  28.6
            +---------+---------+-------+---------+---------+-------
